 Dungeon Crawl Stone Soup version 0.20.0-8-g6b59dc7 (webtiles) character file.

6963 RKaid the Spear-Bearer (level 10, -3/78 HPs)
             Began as a Yellow Draconian Skald on May 30, 2017.
             Was an Initiate of Ru.
             Slain by a wolf spider simulacrum (17 damage)
             ... in an ice cave.
             The game lasted 00:45:38 (12982 turns).

RKaid the Spear-Bearer (Yellow Draconian Skald)    Turns: 12982, Time: 00:45:38

Health: -3/78      AC: 10    Str: 14    XL:     10   Next: 81%
Magic:  20/20      EV: 14    Int: 16    God:    Ru [......]
Gold:   419        SH:  0    Dex: 13    Spells: 12/23 levels left

rFire    . . .     SeeInvis +   a - +1 trident
rCold    . . .     Gourm    .   (no shield)
rNeg     . . .     Faith    .   (armour unavailable)
rPois    .         Spirit   .   (helmet restricted)
rElec    .         Reflect  .   (no cloak)
rCorr    +         Harm     .   (no gloves)
MR       .....     Rnd*Rage +   g - +1 pair of boots
Stlth    +.........             (no amulet)
Regen    0.3/turn               f - ring of see invisible {sInv}
MPRegen  0.2/turn               (no ring)

@: flying, slowed, very slow
A: spit acid, acid resistance, unfitting armour, big wings, talons 1, agile 1,
berserk 1, deterioration 1, shaggy fur 1, cold-blooded, AC +7
a: Breathe Acid, Stop Flying, Renounce Religion


You were in an ice cave.
You worshipped Ru.
Ru was noncommittal.
You were not hungry.

You visited 2 branches of the dungeon, and saw 9 of its levels.
You also visited: Ossuary and Ice Cave.

You collected 419 gold pieces.

Inventory:

Hand Weapons
 a - a +1 trident (weapon)
   (You took it off an orc on level 4 of the Dungeon)
Missiles
 E - 258 stones (quivered)
 H - a throwing net {=f}
Armour
 g - a +1 pair of boots (worn)
   (You found it on level 6 of the Dungeon)
 B - a +1 shield of protection
   (You found it on level 8 of the Dungeon)
Magical Staves
 b - an uncursed staff of energy {+MP, hungerless spells, !a}
   (You found it on level 6 of the Dungeon)
 J - an uncursed staff of wizardry {wiz+, !a}
   (You found it on level 1 of the Lair of Beasts)
Jewellery
 f - a ring of see invisible (left hand) {sInv}
   (You found it on level 3 of the Dungeon)
Wands
 C - a wand of clouds (0/9)
   (You found it on level 6 of the Dungeon)
 F - a wand of iceblast (12/15)
   (You found it on level 8 of the Dungeon)
 I - a wand of lightning (7/15)
   (You found it on level 6 of the Dungeon)
Scrolls
 i - a scroll of identify
 o - 4 scrolls of remove curse
 w - a scroll of immolation {!r}
 x - a scroll of fog
 y - 2 scrolls of teleportation
 A - a scroll of magic mapping {!r}
Potions
 e - 2 potions of agility {unknown}
 h - 2 potions of brilliance {unknown}
 k - 3 potions of heal wounds
 l - a potion of resistance {unknown}
 m - 2 potions of flight
 r - 3 potions of curing
 s - 2 potions of might {unknown}
 u - a potion of berserk rage {unknown}
 z - 2 potions of ambrosia {unknown}
 D - 2 potions of magic {unknown}
 G - 3 potions of cancellation {unknown}
Books
 d - a book of Changes
   (You found it on level 8 of the Dungeon)
 n - a book of Cantrips
   (You found it on level 4 of the Dungeon)
 p - a book of Misfortune
   (You found it on level 2 of the Dungeon)
 v - a book of Battle
Comestibles
 c - 10 bread rations
 j - 5 royal jellies
 q - 5 chunks of flesh
 t - 6 meat rations


   Skills:
 - Level 4.0 Fighting
 * Level 11.0 Polearms
 + Level 3.8 Dodging
 - Level 7.0 Spellcasting
 + Level 5.7 Hexes
 + Level 6.5 Charms


You had 12 spell levels left.
You knew the following spells:

 Your Spells              Type           Power        Failure   Level  Hunger
b - Spectral Weapon       Hex/Chrm       ####....     3%          3    ##.....
c - Confuse               Hex            ###.....     3%          3    ##.....
A - Song of Slaying       Chrm           ####....     1%          2    None
C - Regeneration          Chrm/Necr      ###.......   10%         3    ##.....


Dungeon Overview and Level Annotations

Branches:
Dungeon (8/15)             Temple (0/1) D:4            Lair (1/6) D:8

Altars:
Hepliaklqana
Ru
Sif Muna
Vehumet
Xom


Innate Abilities, Weirdness & Mutations

You can spit globs of acid.
You are resistant to acid.
Your golden yellow scales are hard. (AC +7)
You cannot fit into any form of body armour.
You are cold-blooded and may be slowed by cold attacks.
Your large and strong wings let you fly indefinitely.
You have sharp toenails.
You are agile. (Dex +2)
You tend to lose your temper in combat.
Your body sometimes deteriorates upon taking damage.
You are covered in fur. (AC +1)


Message History

Attack whom?
Press: ? - help, Dir - move target cursor, f - orc wizard
Aim: an orc wizard, wielding a dagger and wearing a robe You reach to attack!
You miss the orc wizard. You closely miss the orc wizard.
The orc wizard hits you but does no damage.
You closely miss the orc wizard.
You tail-slap the orc wizard, but do no damage.
You barely miss the orc wizard. The orc wizard hits you with a dagger.
You hit the orc wizard. The orc wizard barely misses you.
You barely miss the orc wizard. The orc wizard casts a spell at you.
The puff of flame hits you!
You puncture the orc wizard! You puncture the orc wizard!
You kill the orc wizard!
Things that are here:
a dagger; a robe; an orc corpse You butcher the orc corpse.
An orc comes into view. It is wielding a falchion.
Things that are here:
a dagger; a robe; 2 chunks of flesh The orc misses you.
You hit the orc.
Your tail-slap misses the orc.
The orc hits you but does no damage.
You closely miss the orc. The orc hits you but does no damage.
You closely miss the orc.
You tail-slap the orc, but do no damage.
You hit the orc. The orc hits you but does no damage.
You puncture the orc!
You kill the orc!
Things that are here:
a falchion; a leather armour; an orc corpse You butcher the orc corpse.
q - 3 chunks of flesh
Things that are here:
a falchion; a leather armour; an orc skeleton
Things that are here:
a falchion; a leather armour; an orc skeleton
q - 5 chunks of flesh (gained 2)
Things that are here:
a dagger; a robe
Things that are here:
a hand axe; a leather armour; an orc skeleton You now have 419 gold pieces (gained 14).
F - a wand of iceblast (?/15)
Found a staircase to the Lair.
You see here 14 arrows.
j - 5 royal jellies (gained 1)
E - 258 stones (gained 24)
There is a staircase to the Lair here.
You fly downwards.
Welcome to the Lair of Beasts!
You feel a wave of frost pass over you.
There is an entrance to an ice cave on this level.
Hurry and find it before the portal melts!
There is a staircase back to the Dungeon here.
J - a curved runed staff Wield which item (- for none, * to show all)? (? for menu, Esc to quit)
J - an uncursed staff of wizardry (weapon)
Wield which item (- for none, * to show all)? (? for menu, Esc to quit)
a - a +1 trident (weapon)
Found a frozen archway.
There is a frozen archway here.
Search for what [Enter for "armour", or ? for help]? rc+ Can't find anything matching that.
The world spins around you as you enter the gateway.
You enter an ice cave! 4 simulacra come into view.
Found an ice covered gate leading back out of this place.
There is an ice choked empty arch of ancient stone here.
Press: ? - help, v - describe, . - travel
Here: a polar bear simulacrum The floor.
Evoke which item? (* to show all) (? for menu, Esc to quit)
Aiming: Cloud Cone (will waste charges)
Press: ? - help, Dir - move target cursor, f - polar bear simulacrum
Aim: a polar bear simulacrum
Okay, then.
There is an ice covered gate leading back out of this place here.
Evoke which item? (* to show all) (? for menu, Esc to quit)
Aiming: Cloud Cone (will waste charges)
Press: ? - help, Dir - move target cursor, f - wolf spider simulacrum
Aim: a wolf spider simulacrum You create a blast of poison gas!
Evoking this partially-identified wand wasted a few charges.
You puncture the wolf spider simulacrum!
The wolf spider simulacrum closely misses you.
The wolf spider simulacrum bites you.
The wolf spider simulacrum freezes you!!
You feel yourself slow down.
The wolf spider simulacrum barely misses you.
The wolf spider simulacrum bites you but does no damage.
The wolf spider simulacrum hits you!
The wolf spider simulacrum freezes you!!
* * * LOW HITPOINT WARNING * * *
The wolf spider simulacrum bites you but does no damage.
The wolf spider simulacrum hits you!
* * * LOW HITPOINT WARNING * * *
The wolf spider simulacrum freezes you!
You feel as though you will be slow longer.
You die...

...##
#...#
##...
#...#
##§Z§##
##.§§§.##
#..§§Z..#
#..ZZ...#
##..@..##
##...##
#####


You could see a death yak simulacrum, a polar bear simulacrum and 2 wolf spider
simulacra.

Vanquished Creatures
  2 two-headed ogres (D:8)
  The ghost of Melestara the Fighter, a novice BaFi of Ashenzari (D:8)
  An elephant (D:8)
  A hippogriff (D:8)
  3 hogs (D:7)
  A human (D:7)
  2 yaks
  A basilisk (D:8)
  A hungry ghost (D:8)
  A water moccasin (D:7)
  An ice beast (D:7)
  An orc warrior (D:8)
  6 ogres
  A phantom (D:7)
  3 sky beasts
  A crocodile (D:8)
  5 centaurs
  4 bullfrogs
  Blork the orc (D:5)
  3 elf skeletons (D:5)
  A scorpion (D:8)
  3 howler monkeys
  9 wights (D:7)
  A quasit (D:8)
  A hound (D:7)
  A jelly (D:5)
  A gnoll shaman (D:5)
  3 orc wizards
  A bullfrog skeleton (D:5)
  4 iguanas
  4 worker ants
  8 big kobold zombies (Ossuary)
  A mummy (Ossuary)
  19 gnolls
  9 adders
  A howler monkey skeleton (D:8)
  3 shadow imps
  2 oozes
  An adder skeleton (D:5)
  3 worms
  4 dart slugs
  3 leopard geckos
  12 orcs
  A spectral bat (Ossuary)
  2 ball pythons
  8 bats
  6 giant cockroaches
  4 gnoll zombies (Ossuary)
  11 hobgoblins
  10 jackals
  3 quokkas
  3 bat simulacra (Ossuary)
  6 frilled lizards
  9 goblins
  3 goblin simulacra (Ossuary)
  5 goblin zombies (Ossuary)
  5 hobgoblin zombies (Ossuary)
  7 kobolds
  6 kobold simulacra (Ossuary)
  4 kobold zombies (Ossuary)
  2 orc skeletons (D:5)
  5 orc zombies
  A quokka zombie (D:5)
  12 rats
  3 rat simulacra (Ossuary)
  2 spectral goblins (Ossuary)
  2 spectral kobolds (Ossuary)
  6 spectral rats (Ossuary)
261 creatures vanquished.

Vanquished Creatures (others)
  8 spectral weapons
8 creatures vanquished.

Grand Total: 269 creatures vanquished

Notes
Turn   | Place    | Note
-------+----------+-------------------------------------------
     0 | D:1      | RKaid the Draconian Skald began the quest for the Orb.
     0 | D:1      | Reached XP level 1. HP: 17/17 MP: 3/3
   394 | D:1      | Reached XP level 2. HP: 24/24 MP: 5/5
   869 | D:1      | Reached XP level 3. HP: 27/30 MP: 6/6
   874 | D:1      | Reached skill level 3 in Polearms
  1075 | D:1      | Reached skill level 3 in Charms
  1140 | D:1      | Learned a level 2 spell: Song of Slaying
  1144 | D:1      | Learned a level 3 spell: Spectral Weapon
  1338 | D:2      | Found a faded altar of an unknown god.
  1341 | D:2      | Became a worshipper of Ru the Awakened
  1571 | D:2      | Reached XP level 4. HP: 37/37 MP: 7/7
  1726 | D:2      | Reached skill level 3 in Fighting
  1730 | D:2      | Reached skill level 1 in Hexes
  1925 | D:2      | Found a deep blue altar of Sif Muna.
  1928 | D:2      | Found a hazy altar of Hepliaklqana.
  1931 | D:2      | Found a radiant altar of Vehumet.
  2781 | D:3      | Reached XP level 5. HP: 39/45 MP: 8/8
  3375 | D:4      | HP: 11/45 [poisoned by a worker ant]
  3381 | D:4      | HP: 10/45 [worker ant (2)]
  3802 | D:4      | Found a staircase to the Ecumenical Temple.
  3871 | D:4      | Reached skill level 4 in Polearms
  4515 | D:4      | Reached skill level 2 in Hexes
  4623 | D:4      | Reached XP level 6. HP: 49/52 MP: 9/9
  4829 | D:5      | Entered Level 5 of the Dungeon
  4889 | D:5      | Found a glowing drain.
  5094 | D:5      | Found a sand-covered staircase.
  5114 | D:5      | Reached skill level 4 in Fighting
  5118 | Ossuary  | Entered an ossuary
  5768 | Ossuary  | Reached skill level 5 in Polearms
  5787 | Ossuary  | Reached skill level 4 in Charms
  5902 | Ossuary  | Your scales start taking on a golden yellow colour.
  5902 | Ossuary  | Reached XP level 7. HP: 51/59 MP: 10/10
  6551 | D:5      | Reached skill level 3 in Spellcasting
  6551 | D:5      | Reached skill level 3 in Hexes
  6640 | D:5      | Reached skill level 6 in Polearms
  6842 | D:5      | Reached XP level 8. HP: 50/66 MP: 10/13
  7005 | D:5      | HP: 14/66 [gnoll/spear (5)]
  7011 | D:5      | HP: 9/66 [gnoll/spear (7)]
  7287 | D:4      | Learned a level 3 spell: Regeneration
  7291 | D:4      | Learned a level 3 spell: Confuse
  7910 | D:5      | Reached skill level 5 in Charms
  8098 | D:5      | Reached skill level 7 in Polearms
  8098 | D:5      | Reached skill level 4 in Spellcasting
  8346 | D:6      | Noticed Blork the orc
  8358 | D:5      | Killed Blork the orc
  8358 | D:5      | Reached skill level 4 in Hexes
  9407 | D:6      | Gained mutation: Your mind is acute. (Int +2) [mutagenic meat]
  9408 | D:6      | Gained mutation: You are weak. (Str -2) [mutagenic meat]
  9409 | D:6      | Gained mutation: You are frail. (-10% HP) [mutagenic meat]
  9410 | D:6      | Gained mutation: You have sharp toenails. [mutagenic meat]
  9412 | D:6      | Lost mutation: Your mind is acute. (Int +2) [potion of mutation]
  9412 | D:6      | Lost mutation: You are frail. (-10% HP) [potion of mutation]
  9412 | D:6      | Lost mutation: You are weak. (Str -2) [potion of mutation]
  9412 | D:6      | Gained mutation: You are occasionally teleported next to monsters. [potion of mutation]
  9412 | D:6      | Gained mutation: You expend magic power (3 MP) to strengthen your wands. [potion of mutation]
  9412 | D:6      | Gained mutation: Your system is resistant to poisons. (rPois) [potion of mutation]
  9412 | D:6      | Gained mutation: You have razor-sharp toenails. [potion of mutation]
  9413 | D:6      | Lost mutation: Your system is resistant to poisons. (rPois) [potion of mutation]
  9413 | D:6      | Lost mutation: You are occasionally teleported next to monsters. [potion of mutation]
  9413 | D:6      | Lost mutation: You expend magic power (3 MP) to strengthen your wands. [potion of mutation]
  9413 | D:6      | Lost mutation: You have razor-sharp toenails. [potion of mutation]
  9413 | D:6      | Gained mutation: Your tail ends in a poisonous barb. [potion of mutation]
  9413 | D:6      | Gained mutation: You do not regenerate when monsters are visible. [potion of mutation]
  9413 | D:6      | Gained mutation: You are agile. (Dex +2) [potion of mutation]
  9414 | D:6      | Lost mutation: Your tail ends in a poisonous barb. [potion of mutation]
  9414 | D:6      | Lost mutation: You do not regenerate when monsters are visible. [potion of mutation]
  9414 | D:6      | Lost mutation: You are agile. (Dex +2) [potion of mutation]
  9414 | D:6      | Gained mutation: Your large and strong wings let you fly indefinitely. [potion of mutation]
  9414 | D:6      | Gained mutation: Scrolls take you a little longer to read. [potion of mutation]
  9414 | D:6      | Gained mutation: You are agile. (Dex +2) [potion of mutation]
  9508 | D:7      | Reached XP level 9. HP: 47/71 MP: 12/15
  9847 | D:7      | Reached skill level 8 in Polearms
 10061 | D:7      | Lost mutation: Scrolls take you a little longer to read. [mutagenic meat]
 10062 | D:7      | Gained mutation: Your body sometimes deteriorates upon taking damage. [mutagenic meat]
 10063 | D:7      | Gained mutation: You tend to lose your temper in combat. [mutagenic meat]
 10065 | D:7      | Gained mutation: You are covered in fur. (AC +1) [mutagenic meat]
 10171 | D:7      | Reached skill level 5 in Spellcasting
 10514 | D:7      | HP: 17/71 [hog (4)]
 10518 | D:7      | HP: 4/71 [hog (10)]
 10766 | D:7      | Found a shimmering altar of Xom.
 10793 | D:7      | Reached skill level 5 in Hexes
 10924 | D:7      | Reached skill level 6 in Charms
 10962 | D:7      | Reached skill level 9 in Polearms
 11256 | D:7      | Reached XP level 10. HP: 27/78 MP: 15/18
 11631 | D:8      | Noticed an elephant
 11655 | D:8      | Killed an elephant
 11655 | D:8      | Reached skill level 6 in Spellcasting
 11674 | D:8      | Noticed Melestara's ghost (novice BaFi)
 12151 | D:8      | Noticed a two-headed ogre
 12207 | D:8      | Killed a two-headed ogre
 12207 | D:8      | Reached skill level 10 in Polearms
 12499 | D:8      | Noticed a two-headed ogre
 12557 | D:8      | Killed a two-headed ogre
 12557 | D:8      | Reached skill level 3 in Dodging
 12572 | D:8      | Killed Melestara's ghost
 12633 | D:8      | Reached skill level 7 in Spellcasting
 12853 | D:8      | Reached skill level 11 in Polearms
 12945 | D:8      | Found a staircase to the Lair.
 12960 | Lair:1   | Entered Level 1 of the Lair of Beasts
 12968 | Lair:1   | Found a frozen archway.
 12975 | IceCv    | Entered an ice cave
 12982 | IceCv    | HP: 14/78 [wolf spider simulacrum (7)]
 12982 | IceCv    | Slain by a wolf spider simulacrum

Skill      XL: |  1  2  3  4  5  6  7  8  9 10 |
---------------+-------------------------------+-----
Polearms       | 3 4 5 6 7 9 11 | 11.0
Charms         | 3 4 5 6 |  6.5
Fighting       | 3 4 |  4.0
Hexes          | 1 2 3 4 5 |  5.7
Spellcasting   | 3 4 5 7 |  7.0
Dodging        | 3 |  3.8

Action                   |  1- 3 |  4- 6 |  7- 9 | 10-12 || total
-------------------------+-------+-------+-------+-------++-------
Melee: Spear             |   144 |   180 |       |       ||   324
       Tailslap          |    10 |    50 |    57 |    20 ||   137
       Trident           |       |   307 |   465 |   179 ||   951
 Cast: Infusion          |     6 |     6 |       |       ||    12
       Spectral Weapon   |       |     2 |    20 |     9 ||    31
       Confuse           |       |       |     4 |     4 ||     8
       Song of Slaying   |       |       |     2 |       ||     2
       Regeneration      |       |       |     1 |     1 ||     2
Invok: Reject Sacrifices |     1 |       |     1 |       ||     2
 Abil: Breathe Acid      |       |       |     1 |       ||     1
       Fly               |       |       |     1 |       ||     1
Evoke: Wand              |       |       |       |     4 ||     4
  Use: Scroll            |     1 |     6 |     8 |       ||    15
       Potion            |       |     1 |     4 |       ||     5
 Stab: Sleeping          |       |     5 |     1 |     1 ||     7
       Confused          |       |       |       |     7 ||     7
       Distracted        |       |       |       |     2 ||     2
  Eat: Chunk             |     2 |     9 |    27 |     5 ||    43
       Royal jelly       |       |     1 |       |     2 ||     3
       Fruit             |       |     5 |     3 |       ||     8
Armor: Skin              |    28 |   106 |   117 |    48 ||   299
Dodge: Dodged            |    48 |   191 |   238 |    69 ||   546

Table legend:
 A = Turns spent in this place as a percentage of turns spent in the entire game.
 B = Non-inter-level travel turns spent in this place as a percentage of non-inter-level travel turns spent in the entire game.
 C = Inter-level travel turns spent in this place as a percentage of turns spent in this place.
 D = Turns resting spent in this place as a percentage of non-inter-level travel turns spent in this place.
 E = Turns spent auto-exploring this place as a percentage of non-inter-level travel turns spent in this place.
 F = Non-inter-level travel turns spent in this place divided by the number of levels of this place that you've seen.
                   A       B       C       D       E      F
               +-------+-------+-------+-------+-------+----------------------
         Total | 100.0 | 100.0 |   0.4 |   5.4 |   5.0 | 336.5
       Dungeon |  83.4 |  83.3 |   0.5 |   6.0 |   5.8 | 385.5
          Lair |   0.4 |   0.4 |   0.0 |   0.0 |   0.0 |  16.0
       Ossuary |  15.9 |  16.0 |   0.0 |   2.4 |   0.8 | 592.0
      Ice Cave |   0.2 |   0.2 |   0.0 |   0.0 |   0.0 |   9.0
               +-------+-------+-------+-------+-------+----------------------

Table legend:
 A = Kills in this place as a percentage of kills in entire the game.
 B = Kills by you in this place as a percentage of kills by you in the entire game.
 C = Kills by friends in this place as a percentage of kills by friends in the entire game.
 D = Other kills in this place as a percentage of other kills in the entire game.
 E = Experience gained in this place as a percentage of experience gained in the entire game.
 F = Experience gained in this place divided by the number of levels of this place that you have seen.
                   A       B       C       D       E      F
               +-------+-------+-------+-------+-------+----------------------
         Total | 100.0 | 100.0 |  -nan |  -nan | 100.0 | 904.4
       Dungeon |  78.2 |  78.2 |  -nan |  -nan |  97.2 | 1208.5
       Ossuary |  21.8 |  21.8 |  -nan |  -nan |   2.8 | 280.0
               +-------+-------+-------+-------+-------+----------------------
